 Dungeon Crawl Stone Soup version 0.31.0-32-g396128a36d (webtiles) character file.

Game seed: 11054184351244166574

1535172 LordWeiramon the Conqueror (level 27, 199/199 HPs)
             Began as a Kobold Fire Elementalist on Mar 22, 2024.
             Was the Champion of Ashenzari.
             Escaped with the Orb
             ... and 3 runes on Mar 23, 2024!
             The game lasted 06:01:52 (83005 turns).

LordWeiramon the Conqueror (KoFE)                  Turns: 83005, Time: 06:01:53

Health: 199/199    AC: 22    Str: 10    XL:     27
Magic:  36/37      EV: 46    Int: 21    God:    Ashenzari [******]
Gold:   6416       SH: 26    Dex: 30    Spells: 38/46 levels left

rFire   + + +        a - +9 rapier of the Cursed Ordeal {speed, Fort, Melee} (curse)
rCold   + + .        Y - +4 kite shield of Ashenzari's Augurer {rC+ rF+, Fort, Bglg} (curse)
rNeg    + . .        U - +3 leather armour of the Profound Secrets {rC+ rF+, Melee, Cun} (curse)
rPois   +            F - +2 helmet of the Manifest Morality {Int+3, Cun, Melee} (curse)
rElec   +            W - +2 cloak "Eternal With Me" {Will+, Fort, Dev} (curse)
rCorr   +            R - +0 pair of gloves "Visionary Stickiness" {rN+ Dex+3 Slay+3, Bglg, Cun} (curse)
SInv    +            X - +1 pair of boots "Seer of the Lashed Sage" {Fort, Bglg} (curse)
Will    +++..        Z - amulet of Apeoromancy {Reflect +Blink Int+2 SH+5, Bglg, Elem} (curse)
Stlth   ++++         e - ring of Ashenzari's Pleiades {^Drain rPois rF+ SInv Stlth+, Comp, Fort} (curse)
HPRegen 0.53/turn    t - ring of Star-Bound Wisdom {rElec rCorr Str+2 Stlth-, Bglg, Range} (curse)
MPRegen 0.25/turn

%: reflection, clarity
@: studying 4 skills
A: small, no large weapons, nightstalker 3
0: Orb of Zot
}: 3/15 runes: serpentine, barnacled, silver
a: Renounce Religion, Evoke Blink, Shatter the Chains


You escaped.
You worshipped Ashenzari.
Ashenzari was exalted by your worship.
You visited 10 branches of the dungeon, and saw 48 of its levels.
You visited 1 bazaar.
You also visited: Trove, Bailey, Gauntlet, Ice Cave and Desolation.

You collected 11256 gold pieces.
You spent 4840 gold pieces at shops.

Inventory:

Hand Weapons
 a - the cursed +9 rapier of the Cursed Ordeal (weapon) {speed, Fort, Melee}
   (You took it off a merfolk aquamancer on level 4 of the Shoals)

   It has a curse which improves the following skills: Fortitude: Armour and
   Shields.
   Melee Combat: Short Blades, Long Blades, Axes, Maces & Flails, Polearms,
   Staves and Unarmed Combat.
Missiles
 d - 21 curare-tipped darts
 E - 10 throwing nets (quivered)
 S - 21 poisoned darts
Armour
 b - the +3 kite shield of the Blessed Realm {rF+ Will+ MP+9 Stlth+}
   (You found it in a treasure trove)

   rF+:       It protects you from fire.
   Will+:     It increases your willpower.
   MP+9:      It affects your magic capacity (+9).
   Stlth+:    It makes you more stealthy.
 r - a +0 pair of boots of rampaging
 F - the cursed +2 helmet of the Manifest Morality (worn) {Int+3, Cun, Melee}
   (You found it in a Gauntlet)

   It has a curse which improves the following skills: Cunning: Dodging and
   Stealth.
   Melee Combat: Short Blades, Long Blades, Axes, Maces & Flails, Polearms,
   Staves and Unarmed Combat.
 R - the cursed +0 pair of gloves "Visionary Stickiness" (worn) {rN+ Dex+3 Slay+3, Bglg, Cun}
   (You found it on level 1 of the Lair of Beasts)

   Dex+3:     It affects your dexterity (+3).
   Slay+3:    It affects your accuracy & damage with ranged weapons and melee
   (+3).
   rN+:       It protects you from negative energy.
   It has a curse which improves the following skills: Beguiling: Hexes and
   Translocations.
   Cunning:   Dodging and Stealth.
 U - the cursed +3 leather armour of the Profound Secrets (worn) {rC+ rF+, Melee, Cun}
   (You took it off a necromancer in an ice cave)

   It has a curse which improves the following skills: Melee Combat: Short
   Blades, Long Blades, Axes, Maces & Flails, Polearms, Staves and Unarmed
   Combat.
   Cunning:   Dodging and Stealth.
 W - the cursed +2 cloak "Eternal With Me" (worn) {Will+, Fort, Dev}
   (You found it in a Gauntlet)

   It has a curse which improves the following skills: Fortitude: Armour and
   Shields.
   Devices:   Evocations and Shapeshifting.
 X - the cursed +1 pair of boots "Seer of the Lashed Sage" (worn) {Fort, Bglg}
   (You bought it in a shop on level 2 of the Orcish Mines)

   It has a curse which improves the following skills: Fortitude: Armour and
   Shields.
   Beguiling: Hexes and Translocations.
 Y - the cursed +4 kite shield of Ashenzari's Augurer (worn) {rC+ rF+, Fort, Bglg}
   (You took it off a naga warrior on level 1 of the Snake Pit)

   It has a curse which improves the following skills: Fortitude: Armour and
   Shields.
   Beguiling: Hexes and Translocations.
Jewellery
 e - the cursed ring of Ashenzari's Pleiades (left hand) {^Drain rPois rF+ SInv Stlth+, Comp, Fort}
   (You found it on level 4 of the Shoals)

   [ring of see invisible]

   rF+:       It protects you from fire.
   rPois:     It protects you from poison SInv: It lets you see invisible.
   ^Drain:    It drains your maximum health when unequipped.
   Stlth+:    It makes you more stealthy.
   It has a curse which improves the following skills: Companions: Summonings
   and Necromancy.
   Fortitude: Armour and Shields.
 t - the cursed ring of Star-Bound Wisdom (right hand) {rElec rCorr Str+2 Stlth-, Bglg, Range}
   (You found it in a treasure trove)

   [ring of resist corrosion]

   Str+2:     It affects your strength (+2).
   rElec:     It insulates you from electricity.
   rCorr:     It protects you from acid and corrosion.
   Stlth-:    It makes you less stealthy.
   It has a curse which improves the following skills: Beguiling: Hexes and
   Translocations.
   Ranged Combat: Ranged Weapons and Throwing.
 B - an amulet of regeneration
 Z - the cursed amulet of Apeoromancy (around neck) {Reflect +Blink Int+2 SH+5, Bglg, Elem}
   (You took it off a hell knight on level 5 of the Vaults)

   [amulet of reflection]

   Reflect:   It reflects blocked missile attacks.
   Int+2:     It affects your intelligence (+2).
   +Blink:    It lets you blink.
   SH+5:      It affects your SH (+5).
   It has a curse which improves the following skills: Beguiling: Hexes and
   Translocations.
   Elements:  Fire Magic, Ice Magic, Air Magic and Earth Magic.
Wands
 o - a wand of digging (20)
 q - a wand of charming (53)
 u - a wand of flame (78)
 z - a wand of iceblast (38)
 I - a wand of mindburst (34)
 K - a wand of polymorph (41)
 N - a wand of light (21)
Scrolls
 h - 8 scrolls of vulnerability
 p - 13 scrolls of blinking
 v - 26 scrolls of teleportation
 w - 7 scrolls of butterflies
 y - 6 scrolls of revelation
 D - 11 scrolls of fear
 G - 9 scrolls of fog
 J - 6 scrolls of enchant weapon
 O - a scroll of immolation
 Q - 8 scrolls of poison
 T - 6 scrolls of silence
Potions
 f - a potion of resistance
 i - 24 potions of heal wounds
 k - 18 potions of curing
 m - 4 potions of cancellation
 n - 5 potions of invisibility
 s - 9 potions of magic
 x - 10 potions of haste
 A - 9 potions of ambrosia
 C - 6 potions of enlightenment
 H - 12 potions of mutation
 L - 9 potions of might
 M - a potion of berserk rage
Miscellaneous
 c - a phantom mirror
 g - a lightning rod (4/4)
 j - a box of beasts
 l - a tin of tremorstones (2/2)
 P - a phial of floods


   Skills:
 O Level 27 Fighting
 - Level 24.0(27) Short Blades
 - Level 6.0(8.4) Throwing
 + Level 17.5(23.9) Armour
 - Level 23.0(27) Dodging
 - Level 22.8(27) Stealth
 - Level 10.0(16.5) Shields
 - Level 10.4 Spellcasting
 - Level 1.0 Conjurations
 - Level 10.4(17.0) Hexes
 - Level 3.0(5.1) Fire Magic
 - Level 10.3(12.8) Air Magic
 - Level 5.2(7.6) Earth Magic
 - Level 8.8(11.3) Evocations


You had 38 spell levels left.
You knew the following spells:

 Your Spells              Type           Power      Damage    Failure   Level
a - Passwall              Erth           43%        N/A       1%          3
s - Silence               Hex/Air        32%        N/A       1%          5

Your spell library contained the following spells:

 Spells                   Type           Power      Damage    Failure   Level
 Sandblast                Erth           86%        2d18      1%          1
 Jinxbite                 Hex            100%       N/A       1%          2
 Mercury Vapours          Alch/Air       74%        N/A       1%          2
 Static Discharge         Conj/Air       80%        3-7/arc   1%          2
 Dazzling Flash           Conj/Hex       96%        N/A       1%          3
 Inner Flame              Hex/Fire       55%        N/A       1%          3
 Airstrike                Air            29%        2d(5-21)  1%          4
 Cause Fear               Hex            35%        N/A       1%          4
 Scorch                   Fire           64%        2d7       2%          2
 Foxfire                  Conj/Fire      92%        2x1d8     3%          1
 Cigotuvi's Dreadful Rot  Necr/Alch/Air  58%        N/A       3%          2
 Anguish                  Hex/Necr       23%        N/A       3%          4
 Mephitic Cloud           Conj/Alch/Air  30%        N/A       6%          3
 Stone Arrow              Conj/Erth      58%        3d10      7%          3
 Apportation              Tloc           30%        N/A       9%          1
 Magic Dart               Conj           60%        1d6       9%          1
 Summon Lightning Spire   Summ/Air       38%        N/A       9%          4
 Kiss of Death            Conj/Necr      52%        2d9       11%         1
 Sting                    Conj/Alch      52%        1d6       11%         1
 Metabolic Englaciation   Hex/Ice        23%        N/A       11%         5
 Summon Mana Viper        Hex/Summ       47%        N/A       11%         5
 Enfeeble                 Hex            35%        N/A       11%         7
 Necrotise                Necr           48%        1d6       12%         1
 Summon Small Mammal      Summ           48%        N/A       12%         1
 Volatile Blastmotes      Fire/Tloc      46%        2d13      12%         3
 Yara's Violent Unravell  Hex/Alch       23%        3d10      12%         5
 Blink                    Tloc           30%        N/A       14%         2
 Lesser Beckoning         Tloc           30%        N/A       14%         2
 Momentum Strike          Conj/Tloc      30%        3d8       14%         2
 Lee's Rapid Deconstruct  Erth           21%        3d12*     17%         5
 Call Imp                 Summ           24%        N/A       19%         2
 Sublimation of Blood     Necr           12%        N/A       19%         2
 Brom's Barrelling Bould  Conj/Erth      29%        2d5       22%         4
 Gell's Gravitas          Tloc           15%        N/A       26%         3
 Teleport Other           Tloc           15%        N/A       26%         3
 Animate Armour           Summ/Erth      54%        N/A       26%         4
 Petrify                  Alch/Erth      26%        N/A       28%         4
 Fugue of the Fallen      Necr           12%        N/A       34%         3
 Ozocubu's Armour         Ice            12%        N/A       34%         3
 Vampiric Draining        Necr           12%        2d6       34%         3
 Flame Wave               Conj/Fire      23%        2d8       36%         4
 Ignite Poison            Fire/Alch      21%        N/A       43%         4
 Sticky Flame             Fire/Alch      21%        2d6       43%         4
 Discord                  Hex            35%        N/A       63%         8
 Iskenderun's Mystic Bla  Conj/Tloc      15%        2d5       65%         4
 Manifold Assault         Tloc           15%        N/A       65%         4
 Fulminant Prism          Conj/Alch      6%         3d7       73%         4
 Animate Dead             Necr           12%        N/A       75%         4
 Dispel Undead            Necr           12%        3d9       75%         4
 Martyr's Knell           Necr/Summ      12%        N/A       75%         4
 Conjure Ball Lightning   Conj/Air       20%        3x3d6     77%         6
 Olgreb's Toxic Radiance  Alch           10%        N/A       80%         4
 Iskenderun's Battlesphe  Conj           15%        2d7       94%         5
 Summon Forest            Summ/Tloc      6%         N/A       96%         5
 Curse of Agony           Necr           12%        N/A       97%         5
 Irradiate                Conj/Alch      6%         3d13      97%         5
 Alistair's Intoxication  Alch           6%         N/A       98%         5
 Bombard                  Conj/Erth      14%        9d3       98%         6
 Starburst                Conj/Fire      11%        6d5       99%         6
 Death Channel            Necr           6%         N/A       100%        6
 Dispersal                Tloc           7%         N/A       100%        6
 Sculpt Simulacrum        Ice/Alch       5%         N/A       100%        6
 Summon Cactus Giant      Summ           6%         N/A       100%        6
 Haunt                    Necr/Summ      6%         N/A       100%        7
 Ozocubu's Refrigeration  Ice            6%         4d8       100%        7
 Spellforged Servitor     Conj/Summ      6%         N/A       100%        7
 Disjunction              Tloc           7%         N/A       100%        8
 Ignition                 Fire           16%        3d6       100%        8
 Infestation              Necr           6%         N/A       100%        8
 Lehudib's Crystal Spear  Conj/Erth      14%        10d5      100%        8
 Death's Door             Necr           6%         N/A       100%        9
 Shatter                  Erth           21%        3d19*     100%        9


Dungeon Overview and Level Annotations

Branches:
Dungeon (15/15)            Temple (1/1) D:5            Lair (5/5) D:11
 Shoals (4/4) Lair:3        Snake (4/4) Lair:2        Slime (0/5) Lair:4
    Orc (2/2) D:11            Elf (3/3) Orc:2        Vaults (5/5) D:14
  Crypt (0/3) Vaults:3     Depths (4/4) D:15            Zot (5/5) Depths:4
 Bailey (visited)           IceCv (visited)         Desolation (visited)
Gauntlet (visited)

Altars:
Ashenzari
Cheibriados
Dithmenos
Elyvilon
Fedhas
Gozag
Hepliaklqana
Kikubaaqudgha
Makhleb
Nemelex Xobeh
Okawaru
Qazlal
Ru
Sif Muna
Trog
Uskayaw
Vehumet
Wu Jian
Xom
Yredelemnul
Zin
The Shining One
Jiyva

Shops:
D:6 !   D:8 ?   Orc:2 *([=   Elf:3 *   Snake:2 :   Snake:4 (=   Vaults:2 :
Vaults:3 *   Depths:3 !(?[=

Portals:
Hell: Depths:1 Depths:2 Depths:3 Depths:4
Abyss: Depths:1 Depths:3
Pandemonium: Depths:2 Depths:4
Ziggurat: Depths:1

Annotations:
Elf:2 1 runed translucent door
Zot:1 2 transporters
Zot:2 1 transporter
Zot:5 2 transporters


Innate Abilities, Weirdness & Mutations

You are small and have problems with some larger weapons.
You are completely attuned to the shadows.


Message History

You puncture the blizzard demon!
The blizzard demon is moderately wounded.
You are engulfed in freezing vapours.
You resist. The blizzard demon gestures at you. The freezing blast misses you.
You puncture the blizzard demon!
The blizzard demon is heavily wounded.
You are engulfed in freezing vapours.
You resist.
You hit the blizzard demon but do no damage.
The blizzard demon is heavily wounded.
You are engulfed in freezing vapours.
You resist.
The blizzard demon is engulfed in freezing vapours.
The blizzard demon gestures at you. The bolt of cold hits you! You resist.
You hit the blizzard demon.
The blizzard demon is heavily wounded.
You hit the blizzard demon.
The blizzard demon is severely wounded.
The blizzard demon is engulfed in freezing vapours.
The blizzard demon gestures at you. The bolt of cold misses you.
You hit the blizzard demon.
The blizzard demon is severely wounded.
You puncture the blizzard demon!
The blizzard demon is almost dead.
You puncture the blizzard demon!
You kill the blizzard demon!
You sense a monster nearby.
Okay, then.
Casting: Silence (mildly dangerous; 1% risk of failure)
Confirm with . or Enter, or press ? or * to list all spells.
Aiming: Passwall (safe; 1% risk of failure)
Press: ? - help, Dir - move target A rock wall.
This square is covered in magical glow.
You begin to meditate on the wall.
You continue meditating on the rock. x3
You finish merging with the rock.
There is an open door here.
There is a staircase leading out of the dungeon here.
You have escaped!

#.##### #.##.## #........##....
......###.....#####..............
...).........##≈≈≈##......†.###..
..###.##....##~~.~≈##............
###.....##.##~~~.~≈≈##....#......
###.....##.#≈~..8..~≈#...........
......#.1#.#~~.....≈≈#..###.###..
###..#.#.#.8~.......~8'## #......
#...#..#.'..8.@.8..'.# #......
#####...##.8~.......~8.# #.###..
...#....##.#≈~.....~≈#.####......
..#..#...#.#≈≈..8..~≈#......#....
.#....#..#.##~~≈.~~≈##...##.#....
#......#.#..##≈≈.~≈##...###)#....
.........#...##~~≈##...## #......
##########....#####....# #######
# ###### ###..#


There were no monsters in sight!

Vanquished Creatures
  Frederick (Depths:4)
  6 orbs of fire
  4 dread liches
  4 ancient liches
  The ghost of Tang the Slayer, a master DsGl of Makhleb (Vaults:2)
  2 juggernauts (Depths:3)
  Josephina (Depths:3)
  Sojobo (Vaults:3)
  3 Killer Klowns
  Bai Suzhen (Vaults:3)
  Vashnia (Snake:4)
  Margery (Vaults:3)
  A caustic shrike (Depths:3)
  Saint Roka (Orc:2)
  The ghost of Dacon the Minotaur Blade, an adept MiGl of Gozag (Vaults:2)
  Norris (Vaults:2)
  9 golden dragons
  3 electric golems
  A hellephant (Vaults:3)
  A Tzitzimitl (D:6)
  2 Brimstone Fiends
  Jorgrun (D:15)
  3 doom hounds (Zot:4)
  Zenata (Elf:3)
  A walking crystal tome (Depths:3)
  7 tentacled monstrosities
  23 Orb Guardians
  4 liches
  Grunn (Zot:4)
  A walking frostbound tome (Depths:4)
  4 quicksilver dragons
  2 deep elf blademasters
  5 titans
  Asterion (Vaults:3)
  10 sphinxes
  An Executioner (Zot:3)
  A kraken (Shoals:1)
  Gastronok (D:10)
  Frances (Shoals:2)
  13 death cobs
  7 shadow dragons
  Roxanne (Shoals:4)
  11 tengu reavers
  8 frost giants
  6 protean progenitors
  10 fire giants
  Ilsuiw (Shoals:2)
  4 draconian monks
  A daeva (Vaults:2)
  13 storm dragons
  3 draconian knights (Zot:2)
  2 iron dragons
  8 nagarajas
  3 draconian scorchers
  The ghost of spaghetti the Nimble, a journeyman DsBe of Trog (Lair:5)
  A ghost moth (Zot:1)
  A balrug (Depths:2)
  2 imperial myrmidons (Desolation)
  Louise (Elf:2)
  3 angels
  5 deep elf sorcerers
  3 deep elf elementalists (Elf:3)
  3 draconian shifters
  The ghost of Liamsmithers the Bludgeoner, a journeyman MiGl of Dithmenos (Orc:2)
  An orc warlord (Orc:2)
  4 spectral caustic shrikes (Depths:1)
  15 ironbound preservers
  27 vault wardens
  A cacodemon (D:14)
  7 spriggan defenders
  17 very ugly things
  2 draconian annihilators
  A reaper (Depths:3)
  7 ironbound thunderhulks
  3 vampire knights
  3 demonspawn black suns (Zot:1)
  23 stone giants
  2 formless jellyfish
  A halazid warlock (Desolation)
  9 green draconians
  A war gargoyle (Vaults:5)
  A lorocyproca (Depths:4)
  6 deep elf death magi
  Nessos (Lair:4)
  7 deep elf demonologists (Elf:3)
  4 purple draconians
  8 yellow draconians
  A minotaur (Gauntlet)
  4 black draconians
  13 deep elf annihilators
  8 white draconians
  2 red draconians
  14 dire elephants
  11 spark wasps
  A blizzard demon (D:1)
  13 ettins
  Snorg (Lair:4)
  2 crystal guardians (Desolation)
  3 merfolk javelineers (Shoals:4)
  8 deep elf high priests
  9 yaktaur captains
  11 fire dragons
  2 entropy weavers
  A green death (Depths:4)
  5 ragged hierophants (Desolation)
  6 merfolk impalers
  55 vault guards
  4 servants of whispers (Desolation)
  3 salamander tyrants (Snake:1)
  3 spriggan air magi (Depths:3)
  2 great orbs of eyes (Vaults:4)
  2 rakshasas
  2 radroaches (Zot:1)
  6 hydras
  4 ogre magi
  4 peacekeepers
  8 merfolk aquamancers
  19 ice dragons
  19 anacondas
  A juggernaut simulacrum (Depths:3)
  9 ironbound frosthearts
  14 centaur warriors
  2 alligators (Zot:1)
  28 dancing weapons
  An alligator snapping turtle (Shoals:3)
  A merfolk avatar (Shoals:4)
  2 death knights (Vaults:3)
  6 deep troll shamans
  7 tengu warriors
  9 two-headed ogres
  5 satyrs
  6 boulder beetles
  3 death yaks (D:11)
  15 naga warriors
  A hell hog (Gauntlet)
  Urug (Lair:2)
  An orc high priest (Orc:2)
  7 spriggan berserkers
  2 sun demons
  Nergalle (Orc:2)
  6 deep troll earth magi
  A soul eater (D:10)
  A titan skeleton (Depths:3)
  8 hell knights
  Sonja (D:11)
  12 shock serpents
  Amaemon (D:11)
  9 deep elf knights
  19 naga sharpshooters
  6 iron trolls
  8 skeletal warriors
  12 skysharks
  9 salamander mystics
  A shadow wraith (Shoals:1)
  A sixfirhy (D:14)
  34 deep trolls
  A deep troll (shapeshifter) (Depths:3)
  28 sea snakes
  3 glowing orange brains
  2 goliath frogs (Zot:4)
  A storm dragon skeleton (Depths:3)
  10 mana vipers
  3 flayed ghosts
  4 naga ritualists
  2 quicksilver dragon simulacra (Depths:3)
  8 arcanists
  7 deep elf archers
  4 phantasmal warriors (Vaults:5)
  A shadow dragon zombie (Vaults:5)
  2 mana vipers (shapeshifter)
  Pikel (D:6)
  14 lindwurms
  11 harpies
  5 orc knights (Orc:2)
  A wolf spider (Lair:5)
  29 ironbound convokers
  2 orc sorcerers (Orc:2)
  25 deep elf pyromancers
  A sphinx simulacrum (Depths:3)
  25 deep elf zephyrmancers
  10 fauns
  30 ugly things
  7 cyclopes
  12 necromancers
  A shining eye (shapeshifter) (Depths:3)
  A frost giant zombie (Vaults:2)
  19 manticores
  A stone giant zombie (Vaults:5)
  Maurice (D:10)
  21 salamanders
  A meliai (D:13)
  14 moths of wrath
  11 guardian serpents
  40 black mambas
  14 naga magi
  13 merfolk sirens
  An orange demon (D:11)
  4 water nymphs
  A kobold blastminer (Orc:1)
  6 torpor snails (Lair:5)
  19 vault sentinels
  3 molten gargoyles (Desolation)
  An eye of devastation (shapeshifter) (Vaults:5)
  A gargoyle (D:13)
  An unseen horror (shapeshifter) (Elf:2)
  17 cane toads
  2 large abominations (Elf:1)
  An unseen horror (D:13)
  A kobold demonologist (D:13)
  A yaktaur zombie (Vaults:2)
  A tormentor (Depths:2)
  4 rime drakes
  5 tengu conjurers
  29 yaktaurs
  8 ice devils (IceCv)
  An efreet (Zot:1)
  A yaktaur skeleton (Vaults:3)
  3 anaconda simulacra (IceCv)
  8 freezing wraiths
  12 komodo dragons
  4 human skeletons
  A golden dragon simulacrum (Depths:3)
  10 trolls
  9 wind drakes
  A queen bee (shapeshifter) (Elf:2)
  18 hornets
  14 merfolk
  A tarantella (shapeshifter) (Elf:3)
  5 tyrant leeches
  An ettin zombie (Vaults:2)
  4 polar bears
  7 snapping turtles
  44 saltlings (Desolation)
  14 dream sheep
  5 blink frogs (Lair:3)
  2 glass eyes (Depths:3)
  Prince Ribbit (Bailey)
  A stone giant simulacrum (Vaults:3)
  27 slime creatures
  8 spriggans
  A spriggan (shapeshifter) (D:15)
  4 shadows
  5 wraiths
  10 wyverns
  9 humans (Bailey)
  52 yaks
  3 ynoxinuls
  12 water elementals
  A vampire (D:10)
  A dire elephant simulacrum (IceCv)
  Eustachio (D:5)
  3 fire elementals (Elf:2)
  4 fire bats (Gauntlet)
  3 air elementals (Elf:3)
  2 steam dragons
  5 basilisks
  5 wargs (Orc:2)
  6 death yak simulacra (IceCv)
  A human simulacrum (Vaults:2)
  10 redbacks
  7 vampire mosquitoes
  Menkaure (D:6)
  24 nagas
  A glowing shapeshifter zombie (Vaults:3)
  3 hydra simulacra (IceCv)
  A harpy simulacrum (IceCv)
  25 water moccasins
  3 hell hounds (Gauntlet)
  A swamp worm (shapeshifter) (Depths:4)
  25 orc warriors
  4 laughing skulls
  2 black bears
  11 boggarts
  19 ogres
  4 wolves (Lair:2)
  7 centaurs
  2 lemures (D:6)
  A phantom (D:6)
  A kobold brigand (D:6)
  4 elf zombies (Elf:1)
  18 bullfrogs
  3 necrophages (Lair:4)
  3 cane toad simulacra (IceCv)
  3 gnoll sergeants
  A two-headed ogre simulacrum (IceCv)
  5 wights (D:6)
  An earth elemental (Elf:2)
  6 scorpions
  5 killer bees (D:10)
  2 elephant simulacra (IceCv)
  5 spriggan skeletons (D:9)
  A troll skeleton (D:9)
  4 electric eels
  7 howler monkeys
  3 lava snakes (Lair:2)
  6 hounds
  19 orc priests
  6 gnoll boudas
  3 jellies
  Crazy Yiuf (D:2)
  Jessica (D:2)
  4 iguanas
  24 orc wizards
  11 hell rats
  3 polar bear simulacra (IceCv)
  A troll simulacrum (IceCv)
  6 wolf simulacra (IceCv)
  6 adders
  32 gnolls
  2 shadow imps
  14 white imps
  9 ufetubi
  3 dart slugs
  A ribbon worm (D:4)
  69 orcs
  17 endoplasms
  4 giant cockroaches
  12 goblins
  17 hobgoblins
  3 quokkas
  5 ball pythons
  5 bats
  3 frilled lizards
  18 kobolds
  8 rats
2232 creatures vanquished.

Vanquished Creatures (collateral kills)
  An orc (Bailey)
  A hobgoblin (Bailey)
2 creatures vanquished.

Vanquished Creatures (others)
  A naga sharpshooter (Snake:2)
  2 humans (Bailey)
  An orc warrior (Bailey)
  A jelly (D:6)
  A troll simulacrum (IceCv)
  103 foxfires
  16 tentacles (Shoals:1)
125 creatures vanquished.

Grand Total: 2359 creatures vanquished

Notes
Turn   | Place    | Note
-------+----------+-------------------------------------------
     0 | D:1      | LordWeiramon the Kobold Fire Elementalist began the quest
                  | for the Orb.
     0 | D:1      | Reached XP level 1. HP: 10/10 MP: 3/3
   234 | D:1      | Reached skill level 1 in Short Blades
   354 | D:1      | Reached XP level 2. HP: 15/15 MP: 5/5
   420 | D:1      | Reached skill level 1 in Fighting
   970 | D:1      | Found a faded altar of an unknown god.
  1027 | D:1      | Reached XP level 3. HP: 20/20 MP: 3/6
  1653 | D:2      | Noticed Jessica
  1657 | D:2      | Killed Jessica
  1658 | D:2      | Reached XP level 4. HP: 21/25 MP: 2/7
  1898 | D:2      | Found a runed translucent door.
  1901 | D:2      | Noticed Crazy Yiuf
  2296 | D:2      | Reached XP level 5. HP: 27/29 MP: 4/8
  3135 | D:4      | Reached skill level 5 in Short Blades
  3157 | D:4      | Reached skill level 2 in Fighting
  3157 | D:4      | Reached XP level 6. HP: 34/35 MP: 9/9
  3168 | D:4      | Found a shimmering blue altar of Sif Muna.
  3294 | D:4      | Noticed an ogre
  3324 | D:4      | Killed an ogre
  3325 | D:4      | Reached XP level 7. HP: 40/40 MP: 10/10
  3487 | D:4      | Identified the +7 dagger of Otrunuri {distort, rElec rPois
                  | rF+}
  3633 | D:5      | Entered Level 5 of the Dungeon
  3647 | D:5      | Reached skill level 3 in Fighting
  3719 | D:5      | Reached skill level 5 in Dodging
  4035 | D:5      | Reached skill level 5 in Stealth
  4035 | D:5      | Reached XP level 8. HP: 38/46 MP: 11/11
  4132 | D:5      | Found a staircase to the Ecumenical Temple.
  4138 | Temple   | Found a transporter.
  4138 | Temple   | Found a transporter.
  4138 | Temple   | Found a transporter.
  4138 | Temple   | Found a transporter.
  4138 | Temple   | Entered the Ecumenical Temple
  4154 | Temple   | Became a worshipper of Ashenzari the Shackled
  4716 | D:5      | Noticed Eustachio
  4719 | D:5      | Killed Eustachio
  4720 | D:5      | Reached skill level 5 in Fighting
  5219 | D:6      | Noticed Pikel
  5255 | D:6      | Killed Pikel
  5256 | D:6      | Reached skill level 10 in Short Blades
  5256 | D:6      | Reached XP level 9. HP: 30/54 MP: 12/12
  5266 | D:6      | Found Ceitephoru's Distillery.
  5272 | D:6      | Bought a potion of curing for 30 gold pieces
  5272 | D:6      | Bought a potion of resistance for 100 gold pieces
  5272 | D:6      | Bought a potion of haste for 100 gold pieces
  5272 | D:6      | Bought a potion of heal wounds for 50 gold pieces
  5362 | D:6      | Noticed Menkaure
  5441 | D:5      | Reached skill level 1 in Evocations
  5539 | D:6      | Found a glowing silver altar of Zin.
  6461 | D:6      | Reached skill level 5 in Evocations
  6861 | D:6      | Bought a potion of enlightenment for 50 gold pieces
  6895 | D:7      | Identified the +1 mace of Satotiq {freeze, rN+++}
  6944 | D:7      | Reached * piety under Ashenzari
  7775 | D:7      | Noticed a komodo dragon
  7779 | D:7      | Killed a komodo dragon
  7780 | D:7      | Reached skill level 6 in Fighting
  8041 | D:7      | Reached XP level 10. HP: 61/61 MP: 14/14
  8116 | D:7      | Reached ** piety under Ashenzari
  8576 | D:8      | Reached skill level 10 in Stealth
  8625 | D:8      | Identified the +5 hand axe of Cobwebs {protect, ^Drain
                  | Str+3 Int+3}
  8767 | D:8      | Found Xefuz's Magic Scroll Boutique.
  8770 | D:8      | Bought a scroll of fear for 52 gold pieces
  9038 | D:8      | Learned a level 5 spell: Silence
  9131 | D:8      | Reached skill level 1 in Shields
  9456 | D:8      | Found a stormy altar of Qazlal.
  9459 | D:8      | Found an ancient bone altar of Kikubaaqudgha.
  9558 | D:9      | Found a flagged portal.
  9575 | Bailey   | Entered a bailey
  9805 | Bailey   | Noticed Prince Ribbit
  9820 | Bailey   | Reached skill level 5 in Shields
  9887 | Bailey   | Killed Prince Ribbit
  9888 | Bailey   | Reached skill level 1 in Armour
  9909 | Bailey   | Reached XP level 11. HP: 68/68 MP: 16/16
  9915 | Bailey   | Noticed a vault guard
  9933 | Bailey   | Killed a vault guard
 10012 | Bailey   | Noticed a vault guard
 10016 | Bailey   | Killed a vault guard
 10078 | Bailey   | Reached skill level 5 in Armour
 10229 | D:9      | Noticed a two-headed ogre
 10244 | D:9      | Killed a two-headed ogre
 10245 | D:9      | Reached skill level 7 in Fighting
 10645 | D:9      | Reached *** piety under Ashenzari
 10874 | D:9      | Reached skill level 8 in Fighting
 11471 | D:9      | Reached **** piety under Ashenzari
 11678 | D:10     | Entered Level 10 of the Dungeon
 12004 | D:10     | Noticed Gastronok
 12026 | D:10     | Killed Gastronok
 12385 | D:10     | Found a burning altar of Makhleb.
 12506 | D:10     | Noticed Maurice
 12523 | D:10     | Killed Maurice
 12524 | D:10     | Reached XP level 12. HP: 80/80 MP: 19/19
 12880 | D:11     | Noticed Amaemon
 13004 | D:11     | Noticed Sonja
 13020 | D:11     | Killed Sonja
 13021 | D:11     | Reached skill level 5 in Throwing
 13135 | D:11     | Found a staircase to the Orcish Mines.
 13351 | D:11     | Identified a scroll of acquirement
 13357 | D:11     | Acquired 1058 gold pieces
 13761 | D:11     | Reached skill level 10 in Dodging
 13952 | D:11     | Noticed a death yak
 13955 | D:11     | Found a staircase to the Lair.
 13956 | D:11     | Noticed a death yak
 13959 | D:11     | Noticed a death yak
 13965 | D:11     | Killed a death yak
 13968 | D:11     | Killed a death yak
 13973 | D:11     | Killed a death yak
 13984 | Lair:1   | Entered Level 1 of the Lair of Beasts
 14337 | Lair:1   | Identified the +0 pair of gloves of the Catamount {rN+
                  | Dex+3 Slay+3}
 15123 | D:11     | Killed Amaemon
 15124 | D:11     | Reached XP level 13. HP: 72/87 MP: 20/20
 15276 | Lair:2   | Noticed Urug
 15280 | Lair:2   | Killed Urug
 15558 | Lair:2   | Reached skill level 15 in Dodging
 16028 | Lair:2   | Found a staircase to the Snake Pit.
 17041 | Lair:3   | Noticed a six-headed hydra
 17047 | Lair:3   | Killed a six-headed hydra
 17121 | Lair:3   | Reached skill level 15 in Short Blades
 17138 | Lair:3   | Reached XP level 14. HP: 92/92 MP: 21/21
 17332 | Lair:3   | Found a staircase to the Shoals.
 17741 | Lair:4   | Noticed Snorg
 17745 | Lair:4   | Killed Snorg
 17746 | Lair:4   | Reached skill level 9 in Fighting
 17746 | Lair:4   | Found a viscous altar of Jiyva.
 17747 | Lair:4   | Found a staircase to the Slime Pits.
 18078 | Lair:4   | Reached skill level 10 in Fighting
 18156 | Lair:4   | Noticed Nessos
 18184 | Lair:4   | Killed Nessos
 19047 | Lair:4   | Reached skill level 11 in Fighting
 19477 | Lair:5   | Entered Level 5 of the Lair of Beasts
 19489 | Lair:5   | Found a frozen archway.
 19616 | Lair:5   | Reached skill level 12 in Fighting
 19879 | IceCv    | Entered an ice cave
 21213 | IceCv    | Learned a level 2 spell: Scorch
 21298 | IceCv    | Found an ancient bone altar of Kikubaaqudgha.
 22355 | IceCv    | Reached ***** piety under Ashenzari
 22606 | IceCv    | Identified the ring "Wejuriys" {rElec rN+}
 22818 | Lair:5   | Reached skill level 5 in Spellcasting
 22878 | Lair:5   | Found a runed translucent door.
 22878 | Lair:5   | Found a shimmering altar of Xom.
 22878 | Lair:5   | Noticed spaghetti's ghost (journeyman DsBe)
 23109 | Lair:5   | Reached XP level 15. HP: 36/107 MP: 28/28
 24382 | Lair:5   | Reached skill level 15 in Stealth
 25114 | D:6      | Killed Menkaure
 25230 | D:2      | Killed Crazy Yiuf
 25357 | D:6      | Bought a potion of enlightenment for 50 gold pieces
 25357 | D:6      | Bought a potion of cancellation for 80 gold pieces
 25357 | D:6      | Bought a potion of mutation for 80 gold pieces
 25357 | D:6      | Bought 2 potions of haste for 200 gold pieces
 25357 | D:6      | Bought a potion of heal wounds for 50 gold pieces
 25357 | D:6      | Bought a potion of mutation for 80 gold pieces
 25518 | D:12     | Reached skill level 1 in Hexes
 25518 | D:12     | Reached skill level 1 in Air Magic
 26608 | D:13     | Found a gate leading to a gauntlet.
 26682 | Gauntlet | Entered a Gauntlet
 26682 | Gauntlet | Found a transporter.
 26777 | Gauntlet | Found a transporter.
 26779 | Gauntlet | Found a transporter.
 26808 | Gauntlet | Found a transporter.
 26809 | Gauntlet | Found a transporter.
 26831 | Gauntlet | Found a transporter.
 26840 | Gauntlet | Found a transporter.
 26848 | Gauntlet | Found a transporter.
 26871 | Gauntlet | Found a transporter.
 26901 | Gauntlet | Found a transporter.
 26924 | Gauntlet | Noticed a cacodemon
 26931 | Gauntlet | Found a transporter.
 26941 | Gauntlet | Found a large runed translucent door.
 26941 | Gauntlet | Found a large runed translucent door.
 26942 | Gauntlet | Found a large runed translucent door.
 26943 | Gauntlet | Found a large runed translucent door.
 26944 | Gauntlet | Found a large runed translucent door.
 26944 | Gauntlet | Found a large runed translucent door.
 26945 | Gauntlet | Found a large runed translucent door.
 26946 | Gauntlet | Found a large runed translucent door.
 26960 | Gauntlet | Found a runed translucent gate.
 26961 | Gauntlet | Found a transporter.
 26961 | Gauntlet | Found a runed translucent gate.
 26962 | Gauntlet | Found a runed translucent gate.
 26963 | Gauntlet | Identified the amulet "Foohalodd" {Spirit Slay+2}
 26972 | Gauntlet | Found a large runed translucent door.
 26972 | Gauntlet | Found a large runed translucent door.
 26973 | Gauntlet | Found a large runed translucent door.
 26974 | Gauntlet | Found a large runed translucent door.
 26975 | Gauntlet | Found a large runed translucent door.
 26975 | Gauntlet | Found a large runed translucent door.
 26976 | Gauntlet | Found a large runed translucent door.
 26977 | Gauntlet | Found a large runed translucent door.
 26979 | Gauntlet | Noticed a reaper
 26992 | Gauntlet | Found a transporter.
 26994 | Gauntlet | Identified the +4 scale mail of Bright Life {Regen+ Int+2}
 27022 | Gauntlet | Found a transporter.
 27024 | Gauntlet | Identified the +0 helmet of the Salmon {rN+ rCorr}
 27044 | Gauntlet | Found a transporter.
 27057 | Gauntlet | Found a transporter.
 27061 | Gauntlet | Found a transporter.
 27098 | Gauntlet | Found a transporter.
 27845 | D:12     | Reached skill level 5 in Hexes
 27845 | D:12     | Reached skill level 5 in Air Magic
 28224 | D:13     | Reached XP level 16. HP: 97/111 MP: 28/28
 28936 | D:14     | Found a gate to the Vaults.
 30330 | D:15     | Entered Level 15 of the Dungeon
 30667 | D:15     | Found a staircase to the Depths.
 31231 | D:15     | Identified the +4 long sword "Rurheaw" {drain, rElec}
 31602 | D:15     | Noticed Jorgrun
 31606 | D:15     | Killed Jorgrun
 31956 | Orc:1    | Entered Level 1 of the Orcish Mines
 32583 | Orc:2    | Entered Level 2 of the Orcish Mines
 32651 | Orc:2    | Found a transporter.
 32651 | Orc:2    | Noticed Liamsmithers's ghost (journeyman MiGl)
 32691 | Orc:2    | Found a staircase to the Elven Halls.
 32818 | Orc:2    | Noticed Nergalle
 32818 | Orc:2    | Noticed Saint Roka
 33254 | Orc:2    | Killed Saint Roka
 33507 | Orc:2    | Killed Nergalle
 33594 | Orc:2    | Reached XP level 17. HP: 76/116 MP: 31/33
 33783 | Orc:2    | Found Fozxowe's Antique Armour Shoppe.
 33939 | Orc:2    | Found Tomyroyh's Antique Weapon Shoppe.
 34000 | Orc:2    | Found Zepnamno's General Store.
 34029 | Orc:2    | Bought a scroll of enchant armour for 112 gold pieces
 34029 | Orc:2    | Bought a scroll of silence for 142 gold pieces
 34029 | Orc:2    | Bought a potion of enlightenment for 75 gold pieces
 34029 | Orc:2    | Bought a potion of curing for 45 gold pieces
 34029 | Orc:2    | Bought a potion of enlightenment for 75 gold pieces
 34029 | Orc:2    | Bought a +1 pair of boots for 172 gold pieces
 34297 | Orc:2    | Found Iwnes's Jewellery Shoppe.
 34388 | Orc:2    | Found a transporter.
 34614 | Snake:1  | Entered Level 1 of the Snake Pit
 34616 | Snake:1  | Identified the +5 whip of Ceaxzido {speed, rC+ MP+9}
 37248 | Snake:2  | Found Isygh's Self-Published Books.
 37616 | Snake:2  | Reached skill level 10 in Shields
 38054 | Snake:3  | Reached XP level 18. HP: 123/123 MP: 35/35
 40343 | Snake:4  | Entered Level 4 of the Snake Pit
 40978 | Snake:4  | Identified the +3 ring mail of Gozag's Whim {rPois}
 41108 | Snake:4  | Found Qucicsen's Weapon Shoppe.
 41110 | Snake:4  | Found Waaw's Jewellery Shoppe.
 42303 | Snake:4  | Reached XP level 19. HP: 112/128 MP: 36/36
 42399 | Snake:4  | Noticed Vashnia
 42425 | Snake:4  | Killed Vashnia
 44049 | Snake:4  | Got a serpentine rune of Zot
 44187 | Shoals:1 | Entered Level 1 of the Shoals
 44962 | Shoals:1 | Reached skill level 10 in Armour
 46508 | Shoals:2 | Noticed Frances
 46535 | Shoals:2 | Killed Frances
 46772 | Shoals:2 | Noticed Ilsuiw
 46775 | Shoals:2 | Killed Ilsuiw
 47290 | Shoals:3 | Found a flickering gateway to a bazaar.
 47302 | Bazaar   | Entered a bazaar
 47302 | Bazaar   | Found Roits's Assorted Antiques.
 47304 | Bazaar   | Found Apiskuteuh's Antique Weapon Shoppe.
 47304 | Bazaar   | Found Puggo's Book Emporium.
 47307 | Bazaar   | Found Atiky's Armour Shoppe.
 47318 | Bazaar   | Bought a potion of might for 140 gold pieces
 47318 | Bazaar   | Bought a phantom mirror for 1400 gold pieces
 47321 | Bazaar   | Bought a book of Geomancy for 300 gold pieces
 47325 | Bazaar   | Learned a level 3 spell: Passwall
 47388 | Shoals:3 | Reached skill level 1 in Earth Magic
 47774 | Shoals:3 | Reached XP level 20. HP: 134/134 MP: 32/37
 48353 | Shoals:4 | Entered Level 4 of the Shoals
 48362 | Shoals:4 | Noticed Roxanne
 48432 | Shoals:4 | Reached skill level 5 in Earth Magic
 48580 | Shoals:4 | Got a barnacled rune of Zot
 49195 | Shoals:4 | Identified the ring of New Discoveries {^Drain rPois rF+
                  | SInv Stlth+}
 49591 | Shoals:4 | Identified the ring "Fojoece" {Wiz rF++ rN+ MP+9 Stlth-}
 50036 | Shoals:4 | Killed Roxanne
 50261 | Elf:1    | Entered Level 1 of the Elven Halls
 50582 | Elf:1    | Identified Kikubaaqudgha's Directory of Maleficent Magic
 51373 | Elf:2    | Found a runed translucent door.
 51393 | Elf:2    | Found a runed translucent door.
 51929 | Elf:2    | Noticed Louise
 51954 | Elf:2    | Killed Louise
 52267 | Elf:2    | Reached XP level 21. HP: 136/136 MP: 37/37
 52277 | Elf:2    | Reached skill level 13 in Fighting
 52715 | Elf:3    | Entered Level 3 of the Elven Halls
 52924 | Elf:3    | Found a radiant altar of Vehumet.
 53137 | Elf:3    | Reached skill level 14 in Fighting
 53190 | Elf:3    | Paralysed by an air elemental for 1 turns
 53247 | Elf:3    | Noticed Zenata
 53248 | Elf:3    | Killed Zenata
 53324 | Elf:3    | Found Saximaf's General Store.
 53330 | Elf:3    | Bought a potion of invisibility for 136 gold pieces
 53487 | Elf:3    | Identified the +2 glaive "Waashrox" {protect, Dex+5}
 53487 | Elf:3    | Identified the ring "Vaud" {rPois Str+2 Int+2}
 53665 | Elf:3    | Reached skill level 15 in Fighting
 54291 | Elf:3    | Reached skill level 16 in Fighting
 54603 | Elf:3    | Identified the +11 glaive of Goupipot {drain, rF- rC+ rCorr
                  | Str+2}
 54604 | Elf:3    | Identified the +1 war axe "Nulaq" {venom, Dex+3}
 54606 | Elf:3    | Identified the +8 war axe of Oposm {protect, Fly Will-
                  | Str-5 SInv}
 54635 | Elf:3    | Identified the +0 pair of gloves of Dice, Bag, and Bottle
                  | {*Corrode Str+3 Int+5}
 54653 | Elf:3    | Identified the ring of the Threshing Gods {Fire Dex+3 SInv}
 54653 | Elf:3    | Identified the +1 kite shield "Saruqur" {rN+ Will+}
 55116 | Vaults:1 | Entered Level 1 of the Vaults
 55386 | Vaults:1 | Reached XP level 22. HP: 152/152 MP: 34/38
 55997 | Vaults:1 | Reached skill level 17 in Fighting
 56976 | Vaults:2 | Found a runed translucent gate.
 56976 | Vaults:2 | Found a runed translucent gate.
 56976 | Vaults:2 | Found a runed translucent gate.
 57406 | Vaults:2 | Found a runed translucent gate.
 57406 | Vaults:2 | Found a runed translucent gate.
 57406 | Vaults:2 | Found a runed translucent gate.
 57409 | Vaults:2 | Found an ancient bone altar of Kikubaaqudgha.
 57409 | Vaults:2 | Noticed an ancient lich
 57409 | Vaults:2 | Identified the +3 great mace "Mosiesh" {spect, rPois Int+2}
 57410 | Vaults:2 | Noticed Dacon's ghost (adept MiGl)
 57410 | Vaults:2 | Identified Kikubaaqudgha's Catalogue of the Dead
 57410 | Vaults:2 | Identified the ring "Owie" {rC++ rN+}
 57468 | Vaults:2 | Noticed Tang's ghost (master DsGl)
 57468 | Vaults:2 | Identified the +0 cloak of the Dungeon {Str+3 Int+2}
 57491 | Vaults:2 | Killed an ancient lich
 57537 | Vaults:2 | Noticed a dread lich
 57538 | Vaults:2 | Killed Tang's ghost
 57540 | Vaults:2 | Killed Dacon's ghost
 57541 | Vaults:2 | Reached skill level 10 in Spellcasting
 57552 | Vaults:2 | Killed a dread lich
 57553 | Vaults:2 | Reached skill level 10 in Hexes
 57553 | Vaults:2 | Reached skill level 10 in Air Magic
 57726 | Vaults:2 | Found Naikh's Book Shoppe.
 57880 | Vaults:2 | Noticed Norris
 57903 | Vaults:2 | Killed Norris
 57904 | Vaults:2 | Reached XP level 23. HP: 137/155 MP: 35/39
 58364 | Vaults:2 | Reached skill level 18 in Fighting
 58794 | Vaults:2 | Found a glowing golden altar of the Shining One.
 59159 | Vaults:3 | Found a crumbling gateway.
 59161 | Vaults:3 | Found a glowing golden altar of the Shining One.
 59161 | Vaults:3 | Found a glowing silver altar of Zin.
 59161 | Vaults:3 | Found a white marble altar of Elyvilon.
 59221 | Desolati | Entered the Desolation of Salt
 59339 | Desolati | Found the +4 consecrated labrys {holy, Valiant ^Fragile Fly
                  | SInv}
 59339 | Desolati | Identified the Grimoire of Metal
 59431 | Desolati | Identified Cegiofoufi's Cyclopedia of the Crystalline
                  | Bonfire
 59441 | Desolati | Reached skill level 19 in Fighting
 59454 | Desolati | Identified Befu's Catalogue of Chrysopoeia and the
                  | Discharge
 59489 | Desolati | Identified the +2 cloak of the Spider Nest {Will++ Regen+
                  | Int-4 Dex-4}
 59590 | Desolati | Identified the Omnibus of Doom
 59590 | Desolati | Identified the Handbook of the Sun and Chrysopoeia
 59997 | Desolati | Identified the Octavo of Charred Detritus
 60003 | Desolati | Identified the +4 scale mail of Mudoujesm {rF++ Regen+
                  | Int-3 Dex+2}
 60447 | Vaults:3 | Noticed Asterion
 60496 | Vaults:3 | Killed Asterion
 60497 | Vaults:3 | Reached skill level 20 in Fighting
 60714 | Vaults:3 | Noticed Bai Suzhen
 60718 | Vaults:3 | Killed Bai Suzhen
 60926 | Vaults:3 | Noticed Margery
 60947 | Vaults:3 | Killed Margery
 61167 | Vaults:3 | Identified the +2 arbalest of Reasonable Subterfuge {flame,
                  | rC++}
 61510 | Vaults:3 | Found a staircase to the Crypt.
 61659 | Vaults:3 | Reached skill level 21 in Fighting
 61695 | Vaults:3 | Noticed Sojobo
 61700 | Vaults:3 | Killed Sojobo
 61774 | Vaults:3 | Reached XP level 24. HP: 171/171 MP: 34/39
 62170 | Vaults:3 | Identified the +1 leather armour of Insecurity {Will+}
 62250 | Vaults:3 | Found a portal to a secret trove of treasure.
 62393 | Vaults:3 | Found Nupu's Assorted Antiques.
 62409 | Vaults:3 | Bought a jewelled helmet for 323 gold pieces
 62409 | Vaults:3 | Identified the +0 helmet "Puefuzxo" {rF- rC+ Int+4} (You
                  | bought it in a shop on level 3 of the Vaults)
 62409 | Vaults:3 | Bought a scroll of enchant armour for 255 gold pieces
 62620 | Vaults:4 | Reached skill level 22 in Fighting
 63754 | Vaults:5 | Entered Level 5 of the Vaults
 64020 | Vaults:5 | Reached skill level 23 in Fighting
 64167 | Vaults:5 | Noticed an ancient lich
 64168 | Vaults:5 | Killed an ancient lich
 64210 | Vaults:5 | Noticed a dread lich
 64224 | Vaults:5 | Killed a dread lich
 64458 | Vaults:5 | Identified the ring of Doubts {Ice Str+3 Dex+4}
 64458 | Vaults:5 | Identified the +2 robe "Qiocro" {rPois rCorr Int+7}
 64467 | Vaults:5 | Identified the +6 fire dragon scales of the Tarantula {rF++
                  | rC- Int+2 Dex+2 Stlth+}
 64549 | Vaults:5 | Acquired 418 gold pieces
 64773 | Vaults:5 | Reached skill level 24 in Fighting
 64898 | Vaults:5 | Got a silver rune of Zot
 65009 | Vaults:5 | Identified the +6 flail "Demonslayer" {flame, Str+4}
 65009 | Vaults:5 | Identified the amulet "Iheigeow" {Reflect +Blink Int+2
                  | SH+5}
 65145 | Vaults:5 | Reached XP level 25. HP: 180/180 MP: 33/37
 65296 | Vaults:5 | Identified the +7 hand axe of Past Mistakes {flame, rElec}
 65296 | Vaults:5 | Identified the +3 trident of Fairphijo {flame, rPois rC++}
 65421 | Vaults:5 | Identified the +3 flail of Ad Valorem {drain, rPois rC++
                  | rN+ Str-4}
 65619 | Vaults:5 | Identified the +1 battleaxe of the King {freeze, ^Contam
                  | rCorr Int+2 SInv}
 65902 | Vaults:5 | Reached skill level 25 in Fighting
 66566 | Vaults:5 | Noticed an ancient lich
 66571 | Vaults:5 | Killed an ancient lich
 66961 | Vaults:5 | Identified the Vellum of the Voltaic Quake
 66983 | Vaults:5 | Reached skill level 26 in Fighting
 67409 | Depths:1 | Entered Level 1 of the Depths
 67410 | Depths:1 | Found a radiant altar of Vehumet.
 67854 | Depths:1 | Found a one-way gate to the infinite horrors of the Abyss.
 67983 | Depths:1 | Identified the +7 rapier of the Messenger {speed, SInv}
 68015 | Depths:1 | Found a one-way gateway to a ziggurat.
 68476 | Depths:1 | Found a hazy altar of Hepliaklqana.
 68574 | Depths:1 | Found a gateway to Hell.
 68767 | Depths:2 | Reached skill level 27 in Fighting
 68977 | Depths:2 | Reached XP level 26. HP: 166/193 MP: 35/37
 69433 | Depths:2 | Found a one-way gate leading to the halls of Pandemonium.
 69580 | Depths:3 | Found Datixied's Antique Weapon Shop.
 69603 | Depths:3 | Found Nuelank's Magic Scroll Boutique.
 69608 | Depths:3 | Bought a scroll of butterflies for 56 gold pieces
 69608 | Depths:3 | Bought a scroll of teleportation for 42 gold pieces
 70000 | Depths:3 | Identified the ring of Ocudoykh {Ice Stlth+}
 70000 | Depths:3 | Noticed Josephina
 70035 | Depths:3 | Killed Josephina
 70327 | Depths:3 | Found Haisegh's Distillery.
 70369 | Depths:3 | Bought a potion of enlightenment for 75 gold pieces
 70369 | Depths:3 | Bought a potion of heal wounds for 75 gold pieces
 70369 | Depths:3 | Bought a potion of curing for 45 gold pieces
 70369 | Depths:3 | Bought a potion of mutation for 120 gold pieces
 70369 | Depths:3 | Bought a potion of resistance for 150 gold pieces
 70369 | Depths:3 | Bought a potion of might for 60 gold pieces
 70369 | Depths:3 | Bought a potion of mutation for 120 gold pieces
 71009 | Depths:3 | Noticed a juggernaut
 71033 | Depths:3 | Killed a juggernaut
 71311 | Depths:3 | Noticed a juggernaut
 71314 | Depths:3 | Killed a juggernaut
 71363 | Depths:3 | Acquired a manual of Shapeshifting
 71561 | Depths:3 | Identified the +4 battleaxe "Poff" {elec, ^Fragile rPois
                  | rF+++}
 71952 | Depths:3 | Reached XP level 27. HP: 199/199 MP: 33/37
 72183 | Depths:3 | Found Elotuidua's Armour Boutique.
 72215 | Depths:3 | Found Moreacw's Jewellery Boutique.
 72225 | Depths:3 | Reached ****** piety under Ashenzari
 72511 | Depths:4 | Entered Level 4 of the Depths
 72793 | Depths:4 | Found a runed translucent door.
 72865 | Depths:4 | Identified the orb of Pleasant Breezes {light, rElec rPois
                  | rC+}
 72865 | Depths:4 | Noticed Frederick
 72867 | Depths:4 | Killed Frederick
 73417 | Depths:4 | Found a gate to the Realm of Zot.
 73707 | Depths:4 | Identified the +1 robe of the Nightingale {rC+}
 73709 | Depths:4 | Identified the +8 halberd of Infinite Pain {drain, Str+2
                  | Int-5 Dex+4}
 74330 | Orc:2    | Killed Liamsmithers's ghost
 74661 | Lair:5   | Killed spaghetti's ghost
 74890 | Vaults:3 | You paid a toll of 5 potions of resistance to enter a
                  | treasure trove
 74891 | Trove    | Entered a treasure trove
 74918 | Trove    | Identified the ring of Yceotom {rElec rCorr Str+2 Stlth-}
 74918 | Trove    | Identified the +4 short sword "Demonslayer" {drain, rN+
                  | rCorr}
 74918 | Trove    | Identified the orb "Von Qest" {mayhem, rC+ rN+ Str-5 Dex+7}
 74918 | Trove    | Identified the ring "Zoamp" {Fire ^Contam rCorr Int+8
                  | Stlth+}
 74919 | Trove    | Identified the +3 kite shield of the Blessed Realm {rF+
                  | Will+ MP+9 Stlth+}
 74919 | Trove    | Identified the +0 chain mail of Death Resistance {Fly}
 75141 | Zot:1    | Entered Level 1 of the Realm of Zot
 75144 | Zot:1    | Found a transporter.
 75145 | Zot:1    | Found a transporter.
 75155 | Zot:1    | Found a transporter.
 75155 | Zot:1    | Found a transporter.
 75162 | Zot:1    | Found a transporter.
 75162 | Zot:1    | Found a transporter.
 75287 | Zot:1    | Noticed an orb of fire
 75287 | Zot:1    | Killed an orb of fire
 76141 | Zot:1    | Noticed an orb of fire
 76141 | Zot:1    | Identified the +10 spear of Mayhem {flame, +Blink rN+
                  | Int+4}
 76141 | Zot:1    | Identified the Handbook of The Black Sun
 76174 | Zot:1    | Killed an orb of fire
 76750 | Zot:2    | Noticed a dread lich
 76792 | Zot:2    | Noticed an orb of fire
 76792 | Zot:2    | Killed an orb of fire
 77167 | Zot:2    | Noticed a Killer Klown
 77167 | Zot:2    | Killed a Killer Klown
 77239 | Zot:2    | Noticed an orb of fire
 77239 | Zot:2    | Killed an orb of fire
 77319 | Zot:2    | Noticed an ancient lich
 77323 | Zot:2    | Found a transporter.
 77325 | Zot:2    | Identified the +0 pair of boots of Ronutrai {Regen+ Dex+3}
 77327 | Zot:2    | Found a shimmering blue altar of Sif Muna.
 78624 | Zot:4    | Noticed Grunn
 78631 | Zot:4    | Killed Grunn
 79963 | Zot:5    | Entered Level 5 of the Realm of Zot
 80026 | Zot:5    | Reached skill level 15 in Armour
 80053 | Zot:5    | Found a transporter.
 80271 | Zot:5    | Identified the +1 cloak of Surprise {Fly rC+ Int+3}
 80280 | Zot:5    | Found a transporter.
 80282 | Zot:5    | Identified the +0 cloak of the Inquisitive Loafs {rC+++
                  | MP+9 Str-2 Dex+4}
 80740 | Zot:5    | Noticed a dread lich
 80763 | Zot:5    | Killed a dread lich
 80984 | Zot:5    | Identified the ring "Xesu" {rElec rN+ rCorr Str-5 Stlth-}
 81148 | Zot:5    | Noticed a Killer Klown
 81167 | Zot:5    | Killed a Killer Klown
 81224 | Zot:5    | Noticed a dread lich
 81245 | Zot:5    | Killed a dread lich
 81271 | Zot:5    | Noticed a Killer Klown
 81278 | Zot:5    | Killed a Killer Klown
 81320 | Zot:5    | Noticed an orb of fire
 81324 | Zot:5    | Killed an orb of fire
 81422 | Zot:5    | Noticed an ancient lich
 81440 | Zot:5    | Killed an ancient lich
 81477 | Zot:5    | Noticed an orb of fire
 81501 | Zot:5    | Killed an orb of fire
 82366 | Zot:5    | Got the Orb of Zot
 83005 | D:$      | Escaped with the Orb!

Illustrated notes

Levels and vault maps discovered:
D:1:      lightli_arrival_statuegarden, layout_loops_corners,
          hellmonk_ecumenical_altar_lost_god, grunt_decor_mini_mirrors,
          hangedman_decor_slide_cut, chequers_serial_rivers_micro_e,
          chequers_serial_rivers_micro_a
D:2:      layout_rooms, uniq_crazy_yiuf_cottage, uniq_jessica
D:3:      layout_loops_ring
D:4:      layout_rooms, old_standard_altar
D:5:      layout_basic, minmay_temple_entry_grid, minivault_19, uniq_eustachio
D:6:      layout_loops_corners, lemuel_round_altar, serial_shops, shop,
          uniq_menkaure, uniq_pikel
D:7:      kennysheep_housing_project, layout_loops_corners
D:8:      layout_basic, nicolae_overflow_squiral, serial_shops,
          nicolae_shop_behind_doors, the_hattery
D:9:      layout_irregular_city, enter_bailey_3, minmay_door_square,
          hangedman_tell_no_tales
D:10:     layout_roguey, lemuel_round_altar, nicolae_zen_rock_garden,
          uniq_gastronok, uniq_maurice
D:11:     layout_long_grid, dpeg_lair_monsters, minmay_orc_entry_temple_large,
          uniq_sonja, uniq_amaemon
D:12:     layout_rooms, nicolae_fort_ynox
D:13:     layout_long_grid, gauntlet_entry_generic, minmay_fractal_squares_5
D:14:     layout_irregular_city, lightli_vaults_fourway_checkpoint,
          minmay_crystal_room, minmay_strange_pillars, water_maze_lemuel
D:15:     grunt_enter_depths_hoard, layout_cave_pods, grunt_decor_cap,
          kb_rosetta, uniq_jorgrun
Temple:   hellmonk_temple_divided_pantheon
Lair:1:   layout_loops_ring
Lair:2:   layout_regular_city, nicolae_snake_entry_warm_welcome, uniq_urug
Lair:3:   layout_loops_ring, shoals_dummy_entry, chequers_serial_rivers_small_3
Lair:4:   layout_cave_pods, nicolae_slime_entry_slimehenge,
          roderic_carrion_pond, kilobyte_rumbling_trees, lemuel_fruit_tree,
          infiniplex_staircase_pool_2, uniq_nessos, uniq_snorg
Lair:5:   hangedman_lair_tendril_chambers, layout_gridlike, wormcave,
          portal_ice_cave_entry_imps, ebering_ghost_xom
Shoals:1: cheibrodos_shoals_three_sisters, layout_shoals,
          nicolae_shoals_hidden_pirate_stash
Shoals:2: layout_shoals, uniq_ilsuiw, uniq_frances
Shoals:3: layout_shoals, serial_shops, bzr_entry_lakeside
Shoals:4: shoals_end_simple, layout_shoals, shoal_ilsuiw, uniq_roxanne
Snake:1:  cheibrodos_snake_lava_hold, layout_chambers, nicolae_snake_squiggles
Snake:2:  nicolae_snake_shooting_gallery, layout_onion, nicolae_custom_books
Snake:3:  hangedman_cross_veins, layout_honeycomb, serial_bayou_shore_a
Snake:4:  grunt_snake_rune_serpentine_throne, layout_cave_town, minmay_shop_star
Orc:1:    layout_caves, regret_index_minedec_shroomtown_chain
Orc:2:    grunt_orc_cross, layout_caves, basic_altar, gammafunk_ghost_arena
Elf:1:    eino_elf_arrival_customs, layout_rooms, minmay_elf_necromancy
Elf:2:    elven_hall_of_blades_hangedman_original
          [nicolae_blade_entry_splitting_headache], layout_geoelf_diagonals,
          drop_trap, minmay_curled_crystal, uniq_saint_roka, uniq_louise
Elf:3:    minmay_elf_hall_curves, layout_loops_ring, basic_altar, serial_shops,
          shop, grunt_megastairs_2, uniq_zenata
Vaults:1: vaults_room_door_ring, hangedman_vaults_restitches,
          grunt_vaults_trifunnel, nicolae_vaults_trapezoid_lopsided_4,
          v_misc_18, dpeg_vaults_monster_row, nicolae_vaults_house_2,
          nicolae_vaults_meiosis, ontoclasm_vaults_twist, vaults_room_door_ring,
          vaults_mumra_minichess_inversion, nicolae_vaults_holding_cells,
          layout_vaults_maze_bifur
Vaults:2: gammafunk_ghost_crypt, wander_protected_by_tso, v_misc_18,
          nicolae_vaults_ellipses_ellipsis, ontoclasm_vaults_ring_square,
          hangedman_vaults_nails, nicolae_vaults_trapezoid_3,
          nicolae_vaults_octothorpe, vaults_mumra_hex,
          nicolae_vaults_twisting_passages, grunt_vaults_hallway_long,
          v_misc_27, nicolae_vaults_specimen_jars, ontoclasm_vaults_ring_small,
          layout_vaults_ring, serial_shops, shop, uniq_norris
Vaults:3: portal_desolation_entry_holy_temple, nicolae_vaults_tetromino_T_2,
          v_misc_22, nicolae_vaults_storage_closets_2,
          vaults_standard_mumra_lines, vaults_dpeg_ring, v_pattern_3,
          nicolae_vaults_three_branches, layout_vaults_omnigrid,
          blue_anna_dwarven_crypt, nicolae_trove_entry_free_sample,
          serial_shops, nicolae_shop_peninsula, uniq_asterion, uniq_bai_suzhen,
          uniq_margery, uniq_sojobo
Vaults:4: nicolae_vaults_little_guard_posts, nicolae_vaults_apartment_1,
          vaults_standard_mumra_x, nicolae_vaults_closet_pinwheel_1,
          vaults_dpeg_spiral, nicolae_vaults_asterisk,
          nicolae_vaults_shelves_hall, nicolae_vaults_six-pack,
          layout_vaults_omnicross
Vaults:5
Depths:1: layout_gridlike, enter_ziggurat_b, hangedman_abyss_entry_splay,
          pf_hell_entry_tar_river, fiery_altar_vehumet,
          nicolae_hepliaklqana_hippocampus
Depths:2: dreamdust_cat_pyramid, layout_cave_pools, hell_entry,
          minmay_misc_feat_tower, rand_demon_pan_entry_3, serial_bayou_shore_b
Depths:3: kennysheep_large_vault, layout_honeycomb, hell_entry,
          abyss_entry_small_statue_room, serial_shops, nicolae_take_the_stairs,
          kennysheep_little_box, shop, kennysheep_mini, shop, nicolae_sextant,
          minmay_alternating_orb, infiniplex_staircase_star, uniq_josephina
Depths:4: grunt_zot_entry_tricorne, layout_gridville, hell_entry,
          grunt_pan_entry_in_and_out, minmay_st_funbox, lightli_minifort,
          uniq_frederick
Zot:1:    dreamdust_black_sun_cult, layout_gridlike, serial_nicolae_subway,
          nicolae_sub_station_crystal, nicolae_sub_station_metal,
          nicolae_sub_station_stone
Zot:2:    gammafunk_sealed_library, layout_gridville
Zot:3:    layout_gridlike, regret_index_zotdec_fiery_em
Zot:4:    layout_basic, regret_index_zotdec_icy_dp, lemuel_golem_globe,
          uniq_grunn
Zot:5:    layout_onion, gammafunk_ghost_wrathful_warriors, grunt_ministairs_4

Skill      XL: |  1  2  3  4  5  6  7  8  9 10 11 12 13 14 15 16 17 18 19 20 21 22 23 24 25 26 27 |
---------------+----------------------------------------------------------------------------------+-----
Short Blades   | 1 2 3 4 5 6 10 15 20 22 24 | 24.0
Fighting       | 1 2 3 5 6 8 12 16 17 21 24 27 | 27.0
Stealth        | 3 5 6 10 11 15 18 22 | 22.8
Dodging        | 3 5 6 8 13 15 17 22 23 | 23.0
Throwing       | 2 3 5 6 |  6.0
Evocations     | 5 8 |  8.8
Shields        | 5 10 | 10.0
Armour         | 2 5 7 10 17 | 17.5
Spellcasting   | 5 8 10 | 10.4
Hexes          | 5 8 10 | 10.4
Air Magic      | 5 8 10 | 10.3
Earth Magic    | 2 5 |  5.2
Conjurations   | |  1.0
Fire Magic     | |  3.0

Action                     |  1- 3 |  4- 6 |  7- 9 | 10-12 | 13-15 | 16-18 | 19-21 | 22-24 | 25-27 || total
---------------------------+-------+-------+-------+-------+-------+-------+-------+-------+-------++-------
  Melee: Unarmed           |    14 |       |       |       |       |       |       |       |       ||    14
         Short sword       |    28 |    87 |   117 |   137 |   558 |  2040 |   286 |       |       ||  3253
         Punch             |       |     1 |    10 |     1 |       |       |       |       |       ||    12
         Dagger            |       |       |   298 |   844 |  1467 |       |       |       |       ||  2609
         Rapier            |       |       |       |       |       |       |  1310 |  1406 |  2457 ||  5173
  Throw: Dart              |       |     5 |     5 |    17 |     9 |    12 |     8 |    11 |    41 ||   108
         Stone             |       |       |     7 |       |       |       |       |       |       ||     7
         Throwing net      |       |       |       |     5 |     3 |     1 |       |     2 |     5 ||    16
   Cast: Foxfire           |    32 |    23 |     3 |       |       |       |       |       |       ||    58
         Scorch            |       |       |       |       |    42 |       |       |       |       ||    42
         Silence           |       |       |       |       |       |    62 |   106 |   108 |   142 ||   418
         Passwall          |       |       |       |       |       |       |    10 |       |    41 ||    51
 Invoke: Curse Item        |       |       |     2 |     5 |     4 |     3 |       |     2 |     3 ||    19
         Shatter the Chain |       |       |       |     1 |     4 |       |     1 |     2 |     1 ||     9
  Evoke: Wand              |       |     2 |     5 |     6 |    12 |     1 |    14 |       |     2 ||    42
         Tin of tremorston |       |       |       |       |       |       |       |       |     2 ||     2
    Use: Scroll            |       |       |     1 |     4 |     7 |     2 |     6 |     6 |     3 ||    29
         Potion            |       |       |       |     2 |     5 |     3 |     1 |     1 |    11 ||    23
   Stab: Sleeping          |    10 |    11 |    19 |    45 |    93 |   135 |   182 |   241 |   255 ||   991
         Distracted        |       |     1 |     2 |     5 |    16 |     3 |     9 |     2 |     5 ||    43
         Invisible         |       |       |       |    13 |     2 |     2 |     1 |       |     2 ||    20
         Held in net/web   |       |       |       |     3 |     3 |     3 |       |     3 |     5 ||    17
 Armour: Robe              |     7 |    11 |       |       |       |       |       |       |       ||    18
         Leather armour    |       |    14 |    97 |   172 |   321 |   200 |   174 |   118 |   197 ||  1293
  Dodge: Dodged            |    14 |    62 |   146 |   406 |  1390 |   957 |   674 |   307 |   742 ||  4698
  Block: Other             |       |       |    40 |    18 |       |       |       |       |       ||    58
         Buckler           |       |       |       |   275 |   860 |   767 |   534 |    64 |       ||  2500
         Reflection        |       |       |       |     2 |    16 |    39 |    41 |    24 |     2 ||   124
         Kite shield       |       |       |       |       |       |       |       |   572 |  1512 ||  2084
